 Dungeon Crawl Stone Soup version 0.28-a0-653-g7e9dba17c3 (webtiles) character file.

Game seed: 12857920681877575826

47197 meatgazer the Fencer (level 14, -3/135 HPs)
             Began as a Minotaur Berserker on Oct 11, 2021.
             Was a High Priest of Trog.
             Slain by a tyrant leech (20 damage)
             ... on level 6 of the Lair of Beasts.
             The game lasted 00:37:25 (22580 turns).

meatgazer the Fencer (Minotaur Berserker)          Turns: 22580, Time: 00:37:26

Health: -3/135     AC: 17    Str: 26    XL:     14   Next: 7%
Magic:  9/13       EV: 12    Int: 12    God:    Trog [*****.]
Gold:   1281       SH:  6    Dex: 12    Spells: 13/13 levels left

rFire   + . .      SeeInvis +   u - +3 scimitar (flame)
rCold   x . .      Faith    .   m - +0 buckler
rNeg    . . .      Spirit   .   q - +0 plate armour
rPois   .          Reflect  .   B - +0 hat {SInv}
rElec   .          Harm     .   (no cloak)
rCorr   +          Rampage  .   l - +0 pair of gloves of Magic {rCorr Int+2}
Will    +....                   (no boots)
Stlth   ..........              (no amulet)
HPRegen 0.32/turn               k - ring "Geshueto" {Fire Str+3 Int+4 Stlth+}
MPRegen 0.13/turn               t - +4 ring of evasion

@: on berserk cooldown, slowed, very slow
A: horns 2, retaliatory headbutt
a: Renounce Religion, Berserk, Trog's Hand, Brothers in Arms


You were on level 6 of the Lair of Beasts.
You worshipped Trog.
Trog was extremely pleased with you.
You visited 2 branches of the dungeon, and saw 17 of its levels.
You also visited: Bailey.

You collected 1281 gold pieces.

Inventory:

Hand Weapons
 s - the +7 long sword "Fenihy" {antimagic, rC+ Dex+3}
   (Trog gifted it to you on level 9 of the Dungeon)

   It reduces the magical energy of the wielder, and disrupts the spells and
   magical abilities of those it strikes.
   Natural abilities and divine invocations are not affected.
   Dex:       It affects your dexterity (+3).
   rC:        It protects you from cold.
 u - a +3 scimitar of flaming (weapon)
 D - a +5 double sword
 I - a +3 demon blade of freezing
Armour
 l - the +0 pair of gloves of Magic (worn) {rCorr Int+2}
   (You found it in a bailey)

   Int:       It affects your intelligence (+2).
   rCorr:     It protects you from acid and corrosion.
 m - a +0 buckler (worn)
 q - a +0 plate armour (worn)
 y - +0 acid dragon scales
 z - a +0 kite shield
 B - a +0 hat of see invisible (worn)
Jewellery
 k - the ring "Geshueto" (left hand) {Fire Str+3 Int+4 Stlth+}
   (You found it on level 8 of the Dungeon)

   [ring of fire]

   It enhances your fire magic.
   Str:       It affects your strength (+3).
   Int:       It affects your intelligence (+4).
   rF:        It protects you from fire.
   rC:        It makes you vulnerable to cold.
   Stlth:     It makes you more stealthy.
 o - a +6 ring of intelligence
 t - a +4 ring of evasion (right hand)
 G - a ring of see invisible
Wands
 a - a wand of acid (18)
 f - a wand of paralysis (12)
 p - a wand of flame (2)
 r - a wand of mindburst (3)
 v - a wand of iceblast (3)
 C - a wand of polymorph (18)
Scrolls
 b - 3 scrolls of holy word
 h - a scroll of teleportation
 i - 2 scrolls of fear
 w - 3 scrolls of identify
 A - a scroll of fog
Potions
 c - 4 potions of flight
 d - 14 potions of curing
 g - 4 potions of haste
 j - a potion of invisibility
 n - a potion of mutation
 x - a potion of ambrosia
 E - a potion of resistance
 F - a potion of lignification
 H - a potion of brilliance {unknown}


   Skills:
 + Level 15.0 Fighting
 + Level 15.0 Long Blades
 + Level 13.3 Armour
 - Level 2.1 Dodging
 + Level 10.9 Shields
 * Level 10.0 Evocations


You had 13 spell levels left.
You didn't know any spells.
Your spell library was empty.

Dungeon Overview and Level Annotations

Branches:
Dungeon (11/15)            Temple (0/1) D:5            Lair (5/6) D:11
  Swamp (0/4) Lair:3        Snake (0/4) Lair:2          Orc (0/2) D:10
 Bailey (visited)
  Slime: Lair:5-6

Altars:
Cheibriados
Elyvilon
Fedhas
Gozag
Nemelex Xobeh
Okawaru
Qazlal
Ru
Sif Muna
Uskayaw
Vehumet
Wu Jian
Xom

Shops:
D:2 [   D:6 *   D:8 [   D:10 !


Innate Abilities, Weirdness & Mutations

You have a pair of horns on your head.
You reflexively headbutt those who attack you in melee.


Message History

You feel a strong urge to attack something.
You slice the electric eel!! You burn the electric eel.
You kill the electric eel!
Trog accepts your kill.
You hear a splash.
You see here a hydra corpse.
You feel a strong urge to attack something.
You are no longer berserk.
You are exhausted.
You feel yourself slow down. The tyrant leech bites you.
* * * LOW HITPOINT WARNING * * *
The tyrant leech draws strength from your injuries!
You hit the tyrant leech. You burn the tyrant leech.
The tyrant leech is lightly wounded.
You block the tyrant leech's attack.
You completely miss the tyrant leech. You headbutt the tyrant leech.
The tyrant leech is lightly wounded.
The tyrant leech bites you!!
* * * LOW HITPOINT WARNING * * *
The tyrant leech draws strength from your injuries!
You barely miss the tyrant leech. You hit the tyrant leech.
You burn the tyrant leech.
The tyrant leech is lightly wounded.
The tyrant leech bites you but does no damage.
You barely miss the tyrant leech. You headbutt the tyrant leech.
The tyrant leech is lightly wounded.
You block the tyrant leech's attack.
You hit the tyrant leech. You burn the tyrant leech.
Your headbutt misses the tyrant leech.
The tyrant leech is moderately wounded.
The tyrant leech bites you but does no damage.
You slash the tyrant leech! You burn the tyrant leech.
Your headbutt misses the tyrant leech.
The tyrant leech is heavily wounded.
You block the tyrant leech's attack.
You barely miss the tyrant leech.
The tyrant leech is heavily wounded.
The tyrant leech bites you!!
You die...

≈≈ #≈≈≈........##
#...≈........#
##.≈P........##
#≈≈.≈.......##
#≈P....≈.....#
#≈≈≈..≈.÷....#
.≈≈≈.........###
≈≈≈P≈...÷....#.#
≈≈≈≈≈.≈÷÷...#.@#
≈≈≈≈≈≈........w##
≈≈≈≈P≈.≈......#.##
≈≈≈≈≈≈.≈......#÷.##
≈≈≈≈≈≈≈≈..........#
≈≈≈#≈≈≈..........##
≈≈##≈≈P....†......##
###≈≈.≈..†.......#
##≈≈≈≈.†.........##


You could see a tyrant leech.

Vanquished Creatures
  Gastronok (D:10)
  Harold (D:8)
  A boulder beetle (Lair:1)
  Erica (D:8)
  7 hydras
  A two-headed ogre (D:9)
  Nergalle (D:10)
  A goliath frog (Lair:6)
  A manticore (D:8)
  19 elephants
  Maurice (D:10)
  5 black mambas
  23 cane toads
  A torpor snail (Lair:3)
  8 komodo dragons
  2 burning bushes (Lair:3)
  2 trolls (D:10)
  A tyrant leech (Lair:3)
  Prince Ribbit (D:7)
  A polar bear (Lair:2)
  16 blink frogs
  8 dream sheep
  Sigmund (D:4)
  A wraith (D:10)
  30 yaks
  3 wyverns
  A basilisk (D:11)
  2 steam dragons
  5 vampire mosquitoes (Lair:6)
  Grum (D:8)
  2 nagas (Lair:2)
  A swamp worm (Lair:3)
  2 acid dragons
  11 water moccasins
  Duvessa (D:4)
  3 black bears
  4 orc warriors
  3 sky beasts
  A necrophage (D:4)
  An ogre (D:7)
  5 centaurs
  10 wolves
  A phantom (D:6)
  5 kobold brigands
  18 bullfrogs
  8 gnoll sergeants
  Dowan (D:4)
  4 wights (D:8)
  9 killer bees (D:9)
  2 electric eels (Lair:6)
  2 bullfrog zombies
  4 hounds
  3 centaur zombies
  2 jellies
  3 orc priests
  4 gnoll shamans (Bailey)
  2 bullfrog skeletons
  An iguana (D:5)
  10 orc wizards
  5 hell rats
  A hound skeleton (D:4)
  A howler monkey zombie (D:4)
  23 gnolls
  A howler monkey skeleton (D:6)
  13 adders
  2 shadow imps
  An ufetubus (D:7)
  A worm (D:4)
  6 dart slugs
  42 orcs
  6 endoplasms
  3 giant cockroaches
  7 goblins
  5 hobgoblins
  4 jackals
  25 kobolds
  4 quokkas
  5 ball pythons
  6 bats
  2 frilled lizards (D:5)
  5 rats
  3 bushes (D:5)
441 creatures vanquished.

Vanquished Creatures (collateral kills)
  2 gnoll sergeants (Bailey)
  2 gnoll shamans (Bailey)
  3 gnolls (Bailey)
7 creatures vanquished.

Vanquished Creatures (others)
  23 fungi
  91 plants
114 creatures vanquished.

Grand Total: 562 creatures vanquished

Notes
Turn   | Place    | Note
-------+----------+-------------------------------------------
     0 | D:1      | meatgazer the Minotaur Berserker began the quest for the
                  | Orb.
     0 | D:1      | Reached XP level 1. HP: 19/19 MP: 0/0
   214 | D:1      | Reached XP level 2. HP: 21/27 MP: 1/1
   620 | D:1      | Reached XP level 3. HP: 33/34 MP: 2/2
   626 | D:1      | Found a faded altar of an unknown god.
   913 | D:2      | Found Jirchoc's Antique Armour Shoppe.
   951 | D:2      | Reached ** piety under Trog
  1308 | D:2      | Reached skill level 5 in Fighting
  1308 | D:2      | Reached skill level 5 in Long Blades
  1308 | D:2      | Reached XP level 4. HP: 42/42 MP: 3/3
  2190 | D:3      | Reached XP level 5. HP: 39/48 MP: 4/4
  2561 | D:4      | Noticed a necrophage
  2572 | D:4      | Killed a necrophage
  2625 | D:4      | Reached XP level 6. HP: 57/57 MP: 5/5
  2965 | D:4      | Noticed Duvessa
  2966 | D:4      | Noticed Dowan
  2972 | D:4      | Killed Duvessa
  2975 | D:4      | Killed Dowan
  3039 | D:4      | Noticed Sigmund
  3046 | D:4      | Killed Sigmund
  3046 | D:4      | Reached *** piety under Trog
  3047 | D:4      | Reached XP level 7. HP: 66/66 MP: 6/6
  3127 | D:4      | Found an opulent altar of Gozag.
  3454 | D:5      | Entered Level 5 of the Dungeon
  4132 | D:5      | Reached XP level 8. HP: 62/75 MP: 7/7
  4626 | D:5      | Found a staircase to the Ecumenical Temple.
  5402 | D:6      | Reached skill level 1 in Shields
  5788 | D:6      | Reached **** piety under Trog
  5976 | D:6      | Found an ornate altar of the Wu Jian Council.
  6445 | D:6      | Found Wofad's Neck Hole.
  6462 | D:6      | Found a shimmering altar of Xom.
  6752 | D:6      | Found a blossoming altar of Fedhas.
  6782 | D:6      | Found an iron altar of Okawaru.
  6790 | D:6      | Reached skill level 5 in Shields
  6790 | D:6      | Reached XP level 9. HP: 79/85 MP: 8/8
  6861 | D:6      | Found a shimmering blue altar of Sif Muna.
  6987 | D:7      | Reached skill level 10 in Fighting
  6987 | D:7      | Reached skill level 10 in Long Blades
  7244 | D:7      | Found a white marble altar of Elyvilon.
  7564 | D:7      | Noticed Prince Ribbit
  7578 | D:7      | Killed Prince Ribbit
  8251 | D:7      | Found a snail-covered altar of Cheibriados.
  8252 | D:7      | Found a sacrificial altar of Ru.
  8320 | D:8      | Noticed a manticore
  8392 | D:8      | Killed a manticore
  8393 | D:8      | Reached skill level 5 in Armour
  8405 | D:8      | Identified the ring "Geshueto" {Fire Str+3 Int+4 Stlth+}
  8576 | D:8      | Noticed Grum
  8587 | D:8      | Reached XP level 10. HP: 95/95 MP: 9/9
  8593 | D:8      | Killed Grum
  8796 | D:8      | Noticed Erica
  8800 | D:8      | Killed Erica
  9133 | D:8      | Found a hide-covered altar of Uskayaw.
  9278 | D:8      | Found Cheibriados's Comfort Zone.
  9278 | D:8      | Found a snail-covered altar of Cheibriados.
  9338 | D:8      | Found a sparkling altar of Nemelex Xobeh.
  9415 | D:8      | Noticed Harold
  9429 | D:8      | Killed Harold
  9662 | D:8      | Reached ***** piety under Trog
  9922 | D:9      | Noticed a two-headed ogre
  9927 | D:9      | Killed a two-headed ogre
  9978 | D:9      | Found a stormy altar of Qazlal.
 10102 | D:9      | Identified the +7 long sword "Fenihy" {antimagic, rC+
                  | Dex+3} (Trog gifted it to you on level 9 of the Dungeon)
 10102 | D:9      | Received a gift from Trog
 10936 | D:9      | Found a radiant altar of Vehumet.
 10960 | D:9      | Reached skill level 10 in Armour
 11153 | D:10     | Entered Level 10 of the Dungeon
 11310 | D:10     | Noticed Gastronok
 11320 | D:10     | Killed Gastronok
 11321 | D:10     | Reached skill level 1 in Evocations
 11321 | D:10     | Reached XP level 11. HP: 105/105 MP: 3/10
 11654 | D:10     | Noticed Maurice
 11668 | D:10     | Killed Maurice
 11719 | D:10     | Found Agoqics's Distillery.
 11764 | D:10     | Noticed Nergalle
 11774 | D:10     | Killed Nergalle
 12042 | D:10     | Found a staircase to the Orcish Mines.
 12612 | D:11     | Found a flagged portal.
 12624 | Bailey   | Entered a bailey
 14018 | Bailey   | Identified the +0 pair of gloves of Magic {rCorr Int+2}
 14145 | D:11     | Found a staircase to the Lair.
 14206 | Lair:1   | Entered Level 1 of the Lair of Beasts
 14346 | Lair:1   | Noticed a four-headed hydra
 14354 | Lair:1   | Killed a one-headed hydra
 14354 | Lair:1   | Received a gift from Trog
 14426 | Lair:1   | Reached skill level 5 in Evocations
 15085 | Lair:1   | Reached XP level 12. HP: 115/115 MP: 3/11
 15408 | Lair:2   | Noticed a five-headed hydra
 15420 | Lair:2   | Killed a one-headed hydra
 15573 | Lair:2   | Found a staircase to the Snake Pit.
 15573 | Lair:2   | Noticed a boulder beetle
 15602 | Lair:1   | Killed a boulder beetle
 18792 | Lair:3   | Noticed a four-headed hydra
 18796 | Lair:3   | Noticed a six-headed hydra
 18804 | Lair:3   | Killed a three-headed hydra
 18806 | Lair:3   | Killed a four-headed hydra
 19248 | Lair:3   | Found a staircase to the Swamp.
 19497 | Lair:4   | Reached XP level 13. HP: 124/124 MP: 4/12
 20279 | Lair:4   | Received a gift from Trog
 20292 | Lair:4   | Reached skill level 10 in Shields
 21658 | Lair:5   | You fall into a shaft and drop 1 floor!
 21658 | Lair:6   | Entered Level 6 of the Lair of Beasts
 22441 | Lair:6   | Reached XP level 14. HP: 133/133 MP: 4/13
 22465 | Lair:6   | Reached skill level 15 in Long Blades
 22549 | Lair:6   | Reached skill level 10 in Evocations
 22554 | Lair:6   | Reached skill level 15 in Fighting
 22580 | Lair:6   | Slain by a tyrant leech

Illustrated notes

Levels and vault maps discovered:
D:1:      minmay_arrival_solitary_statue, layout_rooms,
          ebering_ecumenical_altar_sacrificial, minmay_tetromino_i2
D:2:      layout_basic, serial_shops,
          nicolae_shop_temple_entry_statues_fountains, st_stairs_7,
          minmay_shallow_snake_nest
D:3:      layout_basic
D:4:      layout_rooms, mainiacjoe_overflow_alcove_2, uniq_sigmund, uniq_duvessa
D:5:      layout_loops_corners, minmay_temple_entry_waves,
          lexackson_kobold_supper
D:6:      layout_loops_ring, okawaru_ov_weapons_minmay,
          pdpol_wu_jian_five_deadly_venoms, xom_teletrap_fun,
          mainiacjoe_overflow_big_doors, serial_glass, glass_columns_a,
          glass_columns_b, item_on_display_a, item_on_display_a,
          feat_on_display, feat_on_display, minmay_misc_feat_tower,
          nicolae_shop_sticking_my_neck_out
D:7:      layout_gridville, elyvilon_altar_3, mainiacjoe_overflow_divided_tiny,
          uniq_prince_ribbit1
D:8:      layout_rooms, nicolae_uskayaw_murder_on_the_dancefloor,
          nemelex_spade_bored_becter, minmay_shop_chei,
          hangedman_abyss_or_decor_slice, uniq_grum, uniq_harold, uniq_erica
D:9:      layout_big_octagon, kennysheep_mini, lemuel_crystal_altar
D:10:     layout_loops_corners, hiddenorc1_lemuel, serial_shops, shop_fountains,
          uniq_gastronok, uniq_nergalle, uniq_maurice
D:11:     regret_index_combs_of_tragedy, layout_loops_ring, david_lair_generic,
          ebering_ghost_reflecting_pool, enter_bailey_2
Lair:1:   layout_roguey, infiniplex_staircase_pool
Lair:2:   layout_loops_ring, guppyfry_snake_entry_island, serial_bayou_shore_b
Lair:3:   layout_layer_cave, palyth_hydra_swamp_entry, evilmike_ambush
          [evilmike_ambush_outer_corners, evilmike_ambush_inner_basic],
          grunt_megastairs_2
Lair:4:   layout_roguey, gauntlet_entry_generic, serial_bayou_shore_b
Lair:5:   layout_layer_cave, slime_altar_2, maelrawn_ghost_gauntlet_escape
Lair:6:   minmay_lair_end_frog_pond, layout_cave_shapes, roderic_batcave,
          chequers_serial_rivers_small_3

Skill      XL: |  1  2  3  4  5  6  7  8  9 10 11 12 13 14 |
---------------+-------------------------------------------+-----
Fighting       | 4 5 6 7 8 9 11 12 13 14 15 | 15.0
Long Blades    | 4 5 6 7 8 9 11 12 13 14 15 | 15.0
Shields        | 5 6 7 9 10 | 10.9
Armour         | 6 10 11 12 13 | 13.3
Evocations     | 1 5 7 9 10 | 10.0
Dodging        | |  2.1

Action                   |  1- 3 |  4- 6 |  7- 9 | 10-12 | 13-15 || total
-------------------------+-------+-------+-------+-------+-------++-------
Melee: Falchion          |    82 |    73 |   364 |    76 |       ||   595
       Headbutt          |     8 |    14 |    96 |   118 |    83 ||   319
       Long sword        |       |       |       |   355 |   264 ||   619
       Unarmed           |       |       |       |     7 |       ||     7
       Scimitar          |       |       |       |    23 |    31 ||    54
Invok: Berserk           |     2 |     3 |    15 |    28 |     9 ||    57
       Trog's Hand       |       |       |       |     1 |     1 ||     2
       Brothers in Arms  |       |       |       |     1 |       ||     1
Evoke: Wand              |       |       |       |    11 |    10 ||    21
  Use: Scroll            |     1 |     4 |     4 |    10 |     4 ||    23
       Potion            |     1 |     1 |     3 |     4 |     1 ||    10
 Stab: Sleeping          |     1 |       |     1 |     3 |       ||     5
       Paralysed         |       |       |       |     1 |     1 ||     2
       Confused          |       |       |       |     1 |       ||     1
Armor: Animal skin       |    12 |    18 |    16 |       |       ||    46
       Plate armour      |       |       |    35 |   103 |    97 ||   235
       Skin              |       |       |       |     1 |       ||     1
       Acid dragon scale |       |       |       |    26 |       ||    26
Dodge: Dodged            |    74 |    36 |   111 |   263 |   118 ||   602
Block: Buckler           |       |       |    15 |   125 |    83 ||   223

Table legend: (Time is in decaauts)
 A = Elapsed time spent in this place.
 B = Non-inter-level travel time spent in this place.
 C = Inter-level travel time spent in this place.
 D = Time resting spent in this place.
 E = Time spent auto-exploring this place.
 F = Levels seen in this place.
 G = Mean time per level.
                   A        B        C        D        E       F      G
               +--------+--------+--------+--------+--------+-----+--------+
         Total |  22838 |  22462 |    376 |   8253 |  11593 |  18 | 1268.8 |
       Dungeon |  12903 |  12637 |    266 |   3650 |   7564 |  11 | 1173.0 |
          Lair |   8388 |   8279 |    109 |   3462 |   3827 |   6 | 1398.0 |
        Bailey |   1546 |   1546 |      0 |   1140 |    201 |   1 | 1546.0 |
               +--------+--------+--------+--------+--------+-----+--------+

Top non-repeatable levels by time:
  Lair:3: 2677 daAuts
     D:7: 1764 daAuts
     D:5: 1751 daAuts
  Bailey: 1546 daAuts
  Lair:4: 1468 daAuts
     D:6: 1462 daAuts
  Lair:2: 1458 daAuts
     D:8: 1453 daAuts
    D:10: 1440 daAuts
     D:9: 1377 daAuts
  Lair:1: 1180 daAuts
     D:3: 1097 daAuts
     D:4: 930 daAuts
  Lair:6: 920 daAuts
     D:1: 775 daAuts
